Map: Cactus Valley LE (Void)

Players

Bop

  • Race: Protoss Protoss

NvDeth (Deth) - Winner!

  • Race: Terran Terran

VOD

Have the link to the VOD?

Description

Time

  • Played on: May 4, 2015, 2:09 a.m.
  • Length: 12:07
Show
View Real Time Build Order
Export as new Build Order

Bop Protoss 

Build Orders:  

Get SALT Encoding   

  12  0:01  Probe  
  13  0:13  Probe  
  14  0:21  Pylon  
  14  0:39  Probe (Chrono Boost)  
  15  0:45  Gateway  
  15  0:49  Probe (Chrono Boost)  
  16  0:56  Probe  
  17  0:57  Assimilator  
  17  1:08  Probe  
  18  1:20  Probe (Chrono Boost)  
  19  1:32  Probe (Chrono Boost)  
  20  1:37  Cybernetics Core  
  20  1:38  Gateway  
  20  1:41  Probe (Chrono Boost)  
  21  1:49  Probe (Chrono Boost)  
  21  1:53  Pylon  
  22  2:11  Probe  
  22  2:14  Adept (Chrono Boost)  
  22  2:15  Warp Gate  
  25  2:18  Nexus  
  25  2:24  Pylon  
  25  2:29  Adept (Chrono Boost)  
  27  2:36  Adept (Chrono Boost)  
  29  2:42  Probe  
  30  2:54  Probe  
  30  2:55  Adept (Chrono Boost)  
  35  3:05  Adept (Chrono Boost)  
  35  3:06  Probe  
  34  3:16  Adept  
  34  3:18  Probe (Chrono Boost)  
  37  3:24  Assimilator  
  37  3:26  Gateway  
  37  3:29  Probe (Chrono Boost)  
  38  3:34  Adept  
  38  3:35  Probe  
  41  3:43  Adept  
  41  3:47  Probe  
  44  3:58  Gateway  
  44  3:59  Gateway  
  44  4:04  Probe  
  44  4:05  Probe  
  46  4:17  Probe x2  
  48  4:20  Gateway x2  
  48  4:21  Pylon  
  48  4:30  Pylon  
  48  4:42  Stalker x3  
  46  5:13  Twilight Council  
  46  5:16  Probe x2 (Chrono Boost)  
  46  5:20  Pylon  
  48  5:26  Probe x2 (Chrono Boost)  
  48  5:30  Assimilator x2  
  48  5:33  Probe x2  
  50  5:37  Pylon  
  50  5:40  Pylon  
  48  5:45  Probe (Chrono Boost)  
  48  5:46  Probe (Chrono Boost)  
  46  5:56  Probe x2 (Chrono Boost), Adept  
  46  5:57  Adept x5  
  52  6:02  Probe (Chrono Boost)  
  62  6:12  Probe (Chrono Boost)  
  62  6:18  Nexus  
  62  6:19  Probe (Chrono Boost)  
  62  6:22  Robotics Facility  
  62  6:23  Probe (Chrono Boost)  
  64  6:26  Shield Upgrade (Chrono Boost)  
  64  6:31  Probe (Chrono Boost)  
  65  6:36  Probe (Chrono Boost)  
  65  6:37  Pylon  
  65  6:38  Probe (Chrono Boost)  
  67  6:46  Assimilator  
  67  6:47  Probe (Chrono Boost)  
  68  6:48  Probe (Chrono Boost)  
  68  6:50  Assimilator  
  69  6:59  Probe (Chrono Boost)  
  69  7:00  Probe (Chrono Boost)  
  73  7:09  Probe x2 (Chrono Boost)  
  73  7:10  Blink (Chrono Boost)  
  73  7:12  Observer  
  73  7:13  Forge  
  73  7:14  Forge  
  75  7:16  Probe (Chrono Boost)  
  75  7:18  Probe (Chrono Boost)  
  75  7:19  Zealot x4  
  75  7:20  Zealot x2  
  88  7:27  Templar Archives  
  88  7:33  Observer  
  81  7:56  Zealot x3  
  81  7:57  Zealot x2  
  81  7:58  Probe x3 (Chrono Boost)  
  86  8:08  Probe (Chrono Boost)  
  86  8:10  Stalker  
  86  8:11  Stalker  
  91  8:17  Protoss Ground Weapons Level 1 (Chrono Boost)  
  91  8:18  Protoss Shields Level 1 (Chrono Boost)  
  91  8:23  Robotics Bay  
  91  8:25  Stargate  
  91  8:28  Stargate  
  91  8:29  Pylon  
  91  8:31  Stalker x2  
  91  8:32  Stalker x2  
  99  8:39  Probe x3  
  102  8:51  Probe  
  103  8:57  Nexus  
  103  9:00  Pylon  
  103  9:04  Charge  
  103  9:05  Probe x3  
  103  9:08  Assimilator  
  106  9:12  Assimilator  
  106  9:16  High Templar x2  
  106  9:17  Probe x2, High Templar  
  113  9:21  Observer Gravitic Boosters (Chrono Boost), Pylon x2  
  113  9:22  Oracle (Chrono Boost)  
  117  9:25  Oracle (Chrono Boost)  
  117  9:30  Archon  
  117  9:31  High Templar  
  122  9:39  Probe x3  
  122  9:43  Archon  
  125  9:51  Probe x2  
  125  10:02  Probe  
  125  10:03  Probe  
  125  10:06  Void Ray x2 (Chrono Boost)  
  135  10:11  Nexus, Protoss Air Weapons Level 1 (Chrono Boost)  
  132  10:25  Adept  
  132  10:26  Adept x3  
  140  10:33  Assimilator  
  140  10:38  Assimilator  
  140  10:42  Oracle (Chrono Boost)  
  143  10:45  Stalker x2  
  143  10:46  Stalker x2  
  145  10:58  Zealot x3  
  135  11:09  Observer  
  125  11:11  Void Ray (Chrono Boost)  
  125  11:16  Fleet Beacon  
  125  11:17  Void Ray (Chrono Boost)  
  125  11:18  Adept x4  
  107  11:50  Adept x2  
  107  11:51  Adept x4  
  122  12:00  Adept  
Show
View Real Time Build Order
Export as new Build Order

NvDeth Terran - Winner!

Build Orders: Mech 

Get SALT Encoding   

  12  0:01  SCV  
  13  0:13  SCV  
  14  0:18  Supply Depot  
  14  0:25  SCV  
  15  0:39  SCV  
  15  0:41  Barracks  
  16  0:51  SCV  
  17  1:03  SCV  
  18  1:13  Command Center  
  18  1:17  SCV  
  19  1:27  Marine  
  19  1:29  Orbital Command  
  20  1:34  Refinery  
  20  1:42  Supply Depot  
  20  1:45  Marine  
  21  1:50  Refinery  
  21  1:55  SCV  
  22  2:03  Marine  
  22  2:07  SCV  
  24  2:19  SCV  
  24  2:21  Marine  
  26  2:25  Orbital Command  
  26  2:31  SCV, Factory  
  26  2:36  Refinery  
  27  2:40  Marine  
  28  2:44  SCV  
  28  2:51  Factory  
  29  2:54  SCV  
  29  2:57  SCV  
  31  3:00  Barracks Tech Lab  
  31  3:06  SCV  
  31  3:13  SCV  
  31  3:18  SCV  
  32  3:25  SCV  
  32  3:26  Supply Depot  
  33  3:30  Barracks Reactor, Siege Tank  
  33  3:31  SCV  
  37  3:34  Widow Mine  
  37  3:41  SCV  
  40  3:44  SCV  
  40  3:48  Supply Depot  
  40  3:53  SCV  
  41  4:05  Command Center  
  41  4:11  Siege Tank  
  41  4:15  SCV x2  
  46  4:26  Widow Mine x2  
  46  4:27  SCV  
  46  4:28  SCV  
  49  4:43  Siege Tank  
  49  4:44  SCV x2  
  54  4:47  Supply Depot  
  54  4:56  SCV x2  
  46  5:07  Widow Mine x2  
  46  5:08  SCV  
  46  5:09  SCV  
  51  5:15  Siege Tank  
  51  5:20  SCV  
  51  5:21  SCV  
  57  5:22  Orbital Command  
  57  5:23  Armory  
  56  5:32  SCV  
  57  5:38  Widow Mine x2  
  61  5:43  SCV  
  61  5:46  SCV, Orbital Command  
  61  5:47  Cyclone  
  66  5:56  SCV  
  67  5:57  Factory  
  67  5:58  SCV  
  67  6:00  Refinery  
  67  6:03  Missile Turret  
  68  6:07  Widow Mine x2  
  68  6:08  SCV  
  73  6:16  SCV x2  
  75  6:19  Terran Vehicle and Ship Weapons Level 1  
  75  6:20  Supply Depot, SCV  
  75  6:21  Siege Tank  
  79  6:28  SCV x2  
  79  6:32  SCV  
  82  6:36  Widow Mine  
  84  6:40  SCV  
  84  6:41  Armory, Refinery, Widow Mine  
  84  6:42  Supply Depot  
  84  6:43  Refinery  
  84  6:45  SCV x2  
  84  6:46  Factory Tech Lab  
  89  6:52  SCV  
  90  6:56  Siege Tank  
  93  7:02  Supply Depot  
  93  7:04  SCV x3  
  93  7:05  Supply Depot  
  93  7:07  Supply Depot, Cyclone, Widow Mine  
  101  7:10  Supply Depot  
  101  7:16  Missile Turret  
  101  7:22  Command Center  
  101  7:23  SCV x2, Widow Mine  
  101  7:29  Supply Depot, Unknown  
  105  7:30  Terran Vehicle And Ship Armor Level 1  
  105  7:32  SCV, Starport  
  105  7:34  Supply Depot  
  105  7:36  SCV  
  107  7:40  SCV  
  99  7:44  SCV  
  99  7:48  SCV, Cyclone x2  
  99  7:49  Widow Mine  
  107  7:52  SCV  
  107  7:57  SCV  
  109  7:59  Widow Mine  
  109  8:00  SCV  
  109  8:04  SCV  
  113  8:09  SCV  
  113  8:10  Fusion Core  
  113  8:12  SCV  
  115  8:17  Terran Vehicle and Ship Weapons Level 2  
  115  8:18  Widow Mine  
  117  8:27  Cyclone  
  117  8:28  Widow Mine  
  117  8:29  Command Center  
  117  8:31  Supply Depot  
  122  8:34  Cyclone, Missile Turret  
  122  8:36  SCV x3  
  128  8:41  Supply Depot  
  128  8:46  Widow Mine  
  126  8:56  Widow Mine  
  126  8:57  Unknown  
  126  8:59  Command Center  
  126  9:00  Cyclone  
  131  9:03  Missile Turret  
  131  9:05  Missile Turret  
  131  9:07  Missile Turret  
  131  9:09  Supply Depot, Factory  
  131  9:11  Factory  
  131  9:15  Cyclone, Widow Mine  
  134  9:25  Engineering Bay, Widow Mine  
  134  9:31  Terran Vehicle And Ship Armor Level 2  
  136  9:36  Refinery, Missile Turret  
  136  9:39  Command Center, Refinery, Missile Turret  
  136  9:40  Missile Turret  
  136  9:48  Cyclone x2, Widow Mine  
  136  9:49  Orbital Command  
  144  9:55  Planetary Fortress  
  142  10:04  Factory Tech Lab  
  142  10:05  Factory Tech Lab  
  142  10:07  Widow Mine  
  144  10:16  Orbital Command  
  144  10:20  Cyclone  
  147  10:23  Cyclone x2, Widow Mine x2  
  157  10:35  Command Center  
  155  10:52  Cyclone x2  
  155  10:53  Widow Mine  
  155  10:55  Cyclone  
  162  11:03  Cyclone, Widow Mine  
  154  11:24  Cyclone  
  154  11:25  Cyclone  
  157  11:26  Widow Mine  
  157  11:27  Cyclone  
  162  11:52  Refinery  
Tags
 
Add a new tag
Caveats
  • Supply blocks, unpowered buildings, or Contaminate may cause inaccurate times.
  • Supply counts are checked every 10 seconds.